 Dungeon Sprint DCSS version 0.19-a0-1937-g70ed36a (webtiles) character file.

478140 Naow the Conqueror (level 23, -40/284 HPs)
             Began as an Ogre Hunter on Oct 27, 2016.
             Was the Champion of the Shining One.
             Killed from afar by Teugh the pandemonium lord (46 damage)
             ... with a great icy blast
             ... in the Dungeon (Sprint IX: "|||||||||||||||||||||||||||||").
             The game lasted 00:53:14 (14926 turns).

Naow the Conqueror (Ogre Hunter)                   Turns: 14926, Time: 00:53:15

Health: -40/284    AC: 45    Str: 33    XL:     23   Next: 24%
Magic:  29/46      EV: 14    Int: 11    God:    the Shining One [******]
Gold:   545        SH: 18    Dex:  7    Spells: 0 memorised, 60 levels left

rFire  + . .     SeeInvis +     g - +9 giant spiked club (holy)
rCold  + . .     Gourm    .     C - +8 gold dragon scales "Dabbis" {rPois rF+ rC+ Str+2 Stlth+}
rNeg   + + +     Faith    .     (shield currently unavailable)
rPois  +         Spirit   .     y - +2 hat {SInv}
rElec  +         Reflect  .     K - +2 cloak {MR+}
rCorr  .         Harm     .     (gloves unavailable)
MR     +++..     NoTele   +     (boots unavailable)
Stlth  +.........               T - amulet "Xameasm" {RegenMP rElec rN++ Str+2 Dex-3}
                                J - +5 ring of slaying
                                I - +4 ring of protection

@: divine shield, glowing
A: unfitting armour, screaming 2, tough skin 1
a: Divine Shield, Cleansing Flame, Summon Divine Warrior, Renounce Religion
0: Orb of Zot
}: 6/15 runes: decaying, serpentine, barnacled, elven, silver, gossamer


You were in the Dungeon.
You worshipped the Shining One.
The Shining One was exalted by your worship.
You were full.

You visited 1 branch You collected 1990 gold pieces.
You spent 1445 gold pieces at shops.

Inventory:

Hand Weapons
 g - a +9 giant spiked club of holy wrath (weapon)
 o - a +2 dire flail of protection
 s - a +0 sacred scourge of holy wrath
Missiles
 c - 40 large rocks (quivered)
 d - 2 throwing nets
Armour
 y - a +2 hat of see invisible (worn)
 C - the +8 gold dragon scales "Dabbis" (worn) {rPois rF+ rC+ Str+2 Stlth+}
   (You bought it in a shop in the Dungeon)

   It affects your strength (+2).
   It protects you from fire.
   It protects you from cold.
   It protects you from poison.
   It makes you more stealthy.
 K - a +2 cloak of magic resistance (worn)
 N - a +0 large shield
Jewellery
 h - a +6 ring of dexterity
 p - a +3 ring of intelligence
 q - a +3 ring of dexterity
 t - a +6 ring of dexterity
 D - an uncursed ring of ice
 E - an uncursed ring of protection from magic
 F - an uncursed ring of protection from fire
 G - an uncursed ring of protection from fire
 I - a +4 ring of protection (left hand)
 J - a +5 ring of slaying (right hand)
 P - the ring "Liummis" {rC+ rN++}
   (You found it in the Dungeon)

   [ring of protection from cold]

   It protects you from cold.
   It greatly protects you from negative energy.
 T - the amulet "Xameasm" (around neck) {RegenMP rElec rN++ Str+2 Dex-3}
   (You found it in the Dungeon)

   [amulet of magic regeneration]

   It increases your magic regeneration.
   It affects your strength (+2).
   It affects your dexterity (-3).
   It insulates you from electricity.
   It greatly protects you from negative energy.
 U - the ring "Gecyotzi" {Ice MR+ Int+3 SInv}
   (You found it in the Dungeon)

   [ring of ice]

   It enhances your ice magic.
   It affects your intelligence (+3).
   It makes you vulnerable to fire.
   It protects you from cold.
   It affects your resistance to hostile enchantments.
   It lets you see invisible.
 V - the ring of Echuef {+Inv rPois}
   (You found it in the Dungeon)

   [ring of poison resistance]

   It protects you from poison.
   It lets you turn invisible.
 W - the ring "Aceygadd" {rPois rN+ Str+6 Dex-2}
   (You found it in the Dungeon)

   [ring of poison resistance]

   It affects your strength (+6).
   It affects your dexterity (-2).
   It protects you from poison.
   It protects you from negative energy.
Wands
 a - a wand of hasting (5/9)
 n - a wand of iceblast (7/15)
 z - a wand of lightning (6/15)
Scrolls
 j - 5 scrolls of remove curse
 k - 3 scrolls of blinking
 m - 2 scrolls of amnesia
 u - 3 scrolls of recharging
 w - 7 scrolls of fog
 x - 4 scrolls of identify
 M - a scroll of fear
 Z - 2 scrolls of enchant armour
Potions
 i - 3 potions of magic
 H - 3 potions of cure mutation
 L - 3 potions of agility
 O - a potion of flight
Books
 R - the Papyrus of Battle Magic and the Birds
   (You found it in the Dungeon)

   Spells                             Type                      Level
   a - Sting                          Conjuration/Poison           1
   b - Swiftness                      Charms/Air                   2
   c - Throw Frost                    Conjuration/Ice              2
   d - Stone Arrow                    Conjuration/Earth            3
   e - Lightning Bolt                 Conjuration/Air              5
   f - Spellforged Servitor           Conjuration/Summoning        7
Comestibles
 f - 3 bread rations
 v - 43 fruits
 A - a beef jerky
 B - 11 meat rations


   Skills:
 O Level 27 Fighting
 O Level 27 Maces & Flails
 O Level 27 Throwing
 O Level 27 Armour
 O Level 27 Dodging
 O Level 27 Stealth
 O Level 27 Shields
 + Level 16.5 Unarmed Combat
 + Level 19.2 Spellcasting
 O Level 27 Invocations
 + Level 15.4 Evocations


You had 60 spell levels left.
You didn't know any spells.

Dungeon Overview and Level Annotations

Branches:
Dungeon (1/1)

Altars:
Cheibriados
Dithmenos
Elyvilon
Fedhas
Gozag
Hepliaklqana
Kikubaaqudgha
Makhleb
Nemelex Xobeh
Okawaru
Qazlal
Ru
Sif Muna
Trog
Uskayaw
Vehumet
Xom
Yredelemnul
Zin
The Shining One
Beogh
Jiyva
Lugonu

Shops:
D ::[%


Innate Abilities, Weirdness & Mutations

You are too large for most types of armour.
You have tough skin. (AC +1)
You sometimes yell uncontrollably at your foes.


Message History

You are engulfed in freezing vapours.
You resist.
* * * LOW HITPOINT WARNING * * *
Teugh is engulfed in freezing vapours. x2
Teugh hits the daeva shaped block of ice!
Teugh is engulfed in freezing vapours.
Teugh gestures at you.
The bolt of cold hits the daeva shaped block of ice.
The daeva shaped block of ice completely resists.
The bolt of cold hits you! You resist.
* * * LOW HITPOINT WARNING * * *
Okay, then.
You are momentarily dazzled by a brilliant light.
You feel somewhat less full.
Teugh is engulfed in freezing vapours.
Teugh hits the daeva shaped block of ice!!
The daeva shaped block of ice is destroyed!
Teugh is engulfed in freezing vapours.
Teugh gestures at you.
Teugh conjures a mighty blast of ice!
The great icy blast engulfs you! You partially resist.
You die...

.▓.▓.▓(▓.▓.▓.▓'▓.▓)▓.▓.▓.▓!▓
.▓.▓.▓.▓.▓.▓.▓.▓.▓)▓.▓.▓.▓.▓
.▓.▓.▓.▓.▓.▓.▓(▓.▓)▓.▓.▓.▓|▓
.▓.▓.▓.▓.▓(▓[▓.▓.▓)▓.▓.▓.▓)▓
[▓.▓.▓.▓.▓[▓[▓.▓.▓∩▓.▓.▓.▓[▓
.▓.▓.▓.▓.▓)▓)▓.▓.▓.▓.▓.▓.▓[▓
.▓.▓.▓.▓.▓)▓[▓.▓.▓∩▓.▓.▓.▓[▓
.▓.▓.▓.▓.▓)▓.▓[▓A▓.▓.▓.▓.▓.▓
.▓.▓.▓.▓.▓.▓.▓.▓@▓∩▓.▓(▓.▓.▓
.▓.▓.▓.▓.▓.▓.▓[▓§▓.▓.▓(▓.▓'▓
.▓.▓.▓.▓.▓.▓.▓)▓§▓∩▓.▓)▓.▓÷▓
.▓.▓.▓.▓.▓.▓.▓.▓§▓)▓.▓.▓.▓.▓
.▓.▓.▓.▓.▓.▓.▓.▓§▓.▓.▓'▓.▓.▓
.▓.▓.▓.▓.▓'▓.▓.▓&▓.▓.▓.▓.▓.▓
.▓.▓.▓.▓.▓.▓.▓.▓1▓.▓.▓.▓.▓.▓
.▓'▓.▓.▓.▓.▓[▓.▓§▓.▓.▓[▓.▓(▓
.▓.▓.▓'▓.▓.▓)▓'▓1▓'▓.▓[▓.▓(▓


You could see Teugh, a Hell Sentinel and a friendly angel.

Vanquished Creatures
  4 orbs of fire (D)
  Mennas (D)
  5 ancient liches (D)
  Boris (D)
  Frederick (D)
  Saint Roka (D)
  A Killer Klown (D)
  Xtahua (D)
  4 golden dragons (D)
  2 curse toes (D)
  Jory (D)
  2 liches (D)
  3 Tzitzimimeh (D)
  An electric golem (D)
  An Ice Fiend (D)
  2 tentacled monstrosities (D)
  41 Orb Guardians (D)
  10 pandemonium lords (D)
  5 deep elf blademasters (D)
  3 quicksilver dragons (D)
  3 Executioners (D)
  A deep elf master archer (D)
  Gastronok (D)
  Kirke (D)
  4 death cobs (D)
  8 shadow dragons (D)
  A tengu reaver (D)
  A warmonger (D)
  6 storm dragons (D)
  2 daevas (D)
  Donald (D)
  Ilsuiw (D)
  5 nagarajas (D)
  A frost giant (D)
  3 balrugs (D)
  2 fire giants (D)
  3 draconian zealots (D)
  A deep elf sorcerer (D)
  2 cacodemons (D)
  A draconian knight (D)
  3 ghost moths (D)
  A draconian scorcher (D)
  3 vault wardens (D)
  2 emperor scorpions (D)
  4 ironheart preservers (D)
  7 stone giants (D)
  A draconian caller (D)
  A draconian shifter (D)
  A war gargoyle (D)
  2 blood saints (D)
  A spriggan defender (D)
  6 reapers (D)
  4 very ugly things (D)
  7 vampire knights (D)
  3 green draconians (D)
  2 lorocyprocas (D)
  3 white draconians (D)
  2 deep elf annihilators (D)
  3 yellow draconians (D)
  A mottled draconian (D)
  4 red draconians (D)
  A spark wasp (D)
  An ettin (D)
  5 green deaths (D)
  3 fire dragons (D)
  2 merfolk javelineers (D)
  4 merfolk impalers (D)
  A deep elf death mage (D)
  Josephine (D)
  25 vault guards (D)
  4 yaktaur captains (D)
  2 great orbs of eyes (D)
  2 ogre magi (D)
  3 naga warriors (D)
  4 monstrous demonspawn (D)
  3 deep elf high priests (D)
  6 rakshasas (D)
  4 ice dragons (D)
  8 hydras (D)
  A hell beast (D)
  An anaconda (D)
  5 merfolk aquamancers (D)
  3 centaur warriors (D)
  A deep troll shaman (D)
  5 orc high priests (D)
  A naga sharpshooter (D)
  A hell knight (D)
  A shock serpent (D)
  4 soul eaters (D)
  A small abomination (D)
  3 sun demons (D)
  A shadow wraith (D)
  7 sixfirhies (D)
  3 flayed ghosts (D)
  2 shadow demons (D)
  6 swamp dragons (D)
  A cherub (D)
  4 infernal demonspawn (D)
  A torturous demonspawn (D)
  2 hill giants (D)
  A shambling mangrove (D)
  4 necromancers (D)
  2 large abominations (D)
  7 orc knights (D)
  2 ironbrand convokers (D)
  2 harpies (D)
  A salamander (D)
  5 wolf spiders (D)
  A mana viper (shapeshifter) (D)
  2 ugly things (D)
  A manticore (D)
  3 black mambas (D)
  15 moths of wrath (D)
  2 cyclopes (D)
  A water nymph (D)
  4 rust devils (D)
  3 vault sentinels (D)
  8 smoke demons (D)
  Joseph (D)
  A guardian serpent (D)
  5 spiny frogs (D)
  4 naga magi (D)
  7 orange demons (D)
  4 yaktaurs (D)
  An efreet (D)
  2 demonic crawlers (D)
  A tormentor (D)
  A merfolk (D)
  6 ice devils (D)
  6 red devils (D)
  A tengu conjurer (D)
  18 hellwings (D)
  A tyrant leech (D)
  A jumping spider (D)
  6 polar bears (D)
  A wind drake (D)
  2 slime creatures (D)
  2 hornets (D)
  2 snapping turtles (D)
  2 hippogriffs (D)
  11 spriggans (D)
  3 wraiths (D)
  4 redbacks (D)
  A shadow (D)
  6 ynoxinuls (D)
  2 water elementals (D)
  A tarantella (D)
  A wyvern (D)
  A basilisk (D)
  5 neqoxecs (D)
  7 chaos spawn (D)
  2 yaks (D)
  A warg (D)
  3 mottled dragons (D)
  2 nagas (D)
  2 water moccasins (D)
  A soldier ant (shapeshifter) (D)
  5 hell hounds (D)
  A hell hound (shapeshifter) (D)
  3 porcupines (D)
  An ice beast (D)
  2 black bears (D)
  4 swamp drakes (D)
  An ogre (D)
  16 orc warriors (D)
  A centaur (D)
  A wolf (D)
  2 crocodiles (D)
  A bullfrog (D)
  A killer bee (D)
  A howler monkey (D)
  3 crimson imps (D)
  A quasit (D)
  2 hounds (D)
  5 orc priests (D)
  A jelly (D)
  4 orc wizards (D)
  A worker ant (D)
  An adder (D)
  3 shadow imps (D)
  A white imp (D)
  2 ufetubi (D)
  6 orcs (D)
  A goblin (D)
  2 hobgoblins (D)
  2 rats (D)
  2 crawling corpses (D)
601 creatures vanquished.

Vanquished Creatures (collateral kills)
  A pandemonium lord (D)
  A green death (D)
  A hell beast (D)
  A merfolk aquamancer (D)
  A vampire mage (D)
  An orc high priest (D)
  A soul eater (D)
  A sea snake (shapeshifter) (D)
  3 orc knights (D)
  A hellwing (D)
  A slime creature (D)
  A neqoxec (D)
  A boggart (D)
  A white imp (D)
  An ufetubus (D)
17 creatures vanquished.

Vanquished Creatures (others)
  Margery (D)
  A Brimstone Fiend (D)
  A deep elf high priest (D)
  A centaur warrior (D)
  6 humans (D)
  A block of ice (D)
11 creatures vanquished.

Grand Total: 629 creatures vanquished

Notes
Turn   | Place    | Note
-------+----------+-------------------------------------------
     0 | D        | Naow the Ogre Hunter began the quest for the Orb.
     0 | D        | Reached XP level 1. HP: 22/22 MP: 1/1
    16 | D        | Reached skill level 5 in Fighting
   105 | D        | Noticed an orc wizard
   105 | D        | Noticed a hound
   105 | D        | Noticed a hound
   111 | D        | Killed an orc wizard
   111 | D        | Reached XP level 2. HP: 40/40 MP: 2/2
   111 | D        | Reached XP level 3. HP: 46/46 MP: 3/3
   112 | D        | Reached skill level 5 in Maces & Flails
   116 | D        | Reached XP level 4. HP: 58/58 MP: 4/4
   221 | D        | Found a roughly hewn altar of Beogh.
   221 | D        | Found a snail-covered altar of Cheibriados.
   221 | D        | Found a shadowy altar of Dithmenos.
   221 | D        | Found a white marble altar of Elyvilon.
   221 | D        | Found a blossoming altar of Fedhas.
   221 | D        | Found an opulent altar of Gozag.
   222 | D        | Found a hazy altar of Hepliaklqana.
   223 | D        | Found a viscous altar of Jiyva.
   224 | D        | Found an ancient bone altar of Kikubaaqudgha.
   225 | D        | Found a corrupted altar of Lugonu.
   226 | D        | Found a burning altar of Makhleb.
   227 | D        | Found a sparkling altar of Nemelex Xobeh.
   228 | D        | Found an iron altar of Okawaru.
   229 | D        | Found a stormy altar of Qazlal.
   230 | D        | Found a sacrificial altar of Ru.
   231 | D        | Found a deep blue altar of Sif Muna.
   232 | D        | Found a bloodstained altar of Trog.
   233 | D        | Found a hide-covered altar of Uskayaw.
   234 | D        | Found a radiant altar of Vehumet.
   235 | D        | Found a shimmering altar of Xom.
   236 | D        | Found a basalt altar of Yredelemnul.
   237 | D        | Found a glowing silver altar of Zin.
   238 | D        | Found a glowing golden altar of the Shining One.
   246 | D        | Became a worshipper of the Shining One
   268 | D        | Reached * piety under the Shining One
   268 | D        | Noticed a hill giant
   269 | D        | Reached skill level 10 in Fighting
   269 | D        | Reached XP level 5. HP: 68/68 MP: 5/5
   285 | D        | Killed a hill giant
   285 | D        | Reached XP level 6. HP: 36/89 MP: 6/6
   285 | D        | Reached XP level 7. HP: 39/97 MP: 7/7
   585 | D        | Noticed an efreet
   585 | D        | Reached ** piety under the Shining One
   585 | D        | Noticed a centaur warrior
   585 | D        | Noticed a manticore
   585 | D        | Noticed a centaur warrior
   585 | D        | Reached *** piety under the Shining One
   592 | D        | Killed an efreet
   592 | D        | Reached skill level 15 in Fighting
   592 | D        | Reached XP level 8. HP: 64/107 MP: 6/10
   600 | D        | Killed a centaur warrior
   600 | D        | Reached skill level 15 in Maces & Flails
   607 | D        | Killed a manticore
   607 | D        | Reached XP level 9. HP: 35/119 MP: 7/14
   614 | D        | Killed a centaur warrior
   981 | D        | Reached **** piety under the Shining One
   981 | D        | Noticed a spiny frog
   986 | D        | Reached skill level 5 in Dodging
   994 | D        | Noticed a spiny frog
  1005 | D        | Reached XP level 10. HP: 99/132 MP: 13/15
  1009 | D        | Killed a spiny frog
  1014 | D        | Killed a spiny frog
  1327 | D        | Noticed a spiny frog
  1327 | D        | Reached ***** piety under the Shining One
  1327 | D        | Noticed a spiny frog
  1345 | D        | Killed a spiny frog
  1355 | D        | Killed a spiny frog
  1519 | D        | Reached XP level 11. HP: 143/146 MP: 16/16
  1640 | D        | Noticed Gastronok
  1662 | D        | Killed Gastronok
  1662 | D        | Reached skill level 10 in Dodging
  1702 | D        | Noticed Josephine
  1702 | D        | Reached ****** piety under the Shining One
  1711 | D        | Killed Josephine
  2043 | D        | Noticed an orc knight
  2049 | D        | Killed an orc knight
  2439 | D        | Found Yrillint's Book Emporium.
  2439 | D        | Noticed an orc knight
  2439 | D        | Noticed an orc high priest
  2439 | D        | Noticed an orc high priest
  2439 | D        | Noticed an orc knight
  2439 | D        | Noticed an orc high priest
  2445 | D        | Killed an orc knight
  2458 | D        | Killed an orc high priest
  2463 | D        | Killed an orc high priest
  2463 | D        | Reached XP level 12. HP: 121/162 MP: 18/18
  2465 | D        | Noticed an orc high priest
  2471 | D        | Found Kamma's Book Shoppe.
  2475 | D        | Killed an orc high priest
  2487 | D        | Killed an orc high priest
  2488 | D        | Found Letyrgh's Antique Armour Emporium.
  2497 | D        | Noticed an orc high priest
  2507 | D        | Noticed an orc high priest
  2523 | D        | Killed an orc high priest
  2523 | D        | Reached skill level 10 in Invocations
  2547 | D        | Noticed a soul eater
  2735 | D        | Noticed a sun demon
  2783 | D        | Noticed a soul eater
  2784 | D        | Killed an orc high priest
  3215 | D        | Found Giymidd's Food Shoppe.
  3237 | D        | Bought jewelled gold dragon scales for 1445 gold pieces
  3247 | D        | Identified the +8 gold dragon scales "Dabbis" {rPois rF+ rC+ Str+2 Stlth+} (You bought it in a shop in the Dungeon)
  3312 | D        | Noticed Joseph
  3323 | D        | Killed Joseph
  3576 | D        | Noticed a centaur warrior
  3586 | D        | Reached skill level 1 in Armour
  3590 | D        | Killed a centaur warrior
  3595 | D        | Noticed a stone giant
  3599 | D        | Noticed an ice dragon
  3602 | D        | Noticed a rakshasa
  3604 | D        | Noticed a brown very ugly thing
  3614 | D        | Killed a stone giant
  3616 | D        | Noticed a great orb of eyes
  3629 | D        | Killed a brown very ugly thing
  3629 | D        | Reached skill level 5 in Armour
  3632 | D        | Killed an ice dragon
  3632 | D        | Reached XP level 13. HP: 175/175 MP: 21/21
  3638 | D        | Killed a rakshasa
  3650 | D        | Killed a great orb of eyes
  3723 | D        | Noticed Saint Roka
  3748 | D        | Killed Saint Roka
  4224 | D        | Reached skill level 10 in Armour
  4692 | D        | Noticed a spark wasp
  4702 | D        | Killed a spark wasp
  4745 | D        | Reached XP level 14. HP: 115/189 MP: 24/24
  5169 | D        | Noticed a tengu reaver
  5177 | D        | Noticed a stone giant
  5178 | D        | Noticed a fire giant
  5183 | D        | Noticed a stone giant
  5208 | D        | Killed a tengu reaver
  5219 | D        | Killed a stone giant
  5219 | D        | Reached skill level 15 in Invocations
  5222 | D        | Killed a fire giant
  5226 | D        | Killed a stone giant
  5251 | D        | Noticed a frost giant
  5264 | D        | Killed a frost giant
  5695 | D        | Noticed a vault warden
  5700 | D        | Noticed a vault warden
  5726 | D        | Killed a vault warden
  5727 | D        | Noticed an ironheart preserver
  5734 | D        | Killed a vault warden
  5751 | D        | Reached skill level 15 in Armour
  5783 | D        | Killed an ironheart preserver
  6209 | D        | Noticed a stone giant
  6225 | D        | Killed a stone giant
  6580 | D        | Identified a giant spiked club of holy wrath (a giant spiked club blessed by the Shining One)
  6580 | D        | Received a gift from the Shining One
  6821 | D        | Noticed Mennas
  6916 | D        | Killed Mennas
  6916 | D        | Reached skill level 27 in Fighting
  6916 | D        | Reached XP level 15. HP: 40/206 MP: 24/26
  6976 | D        | Noticed Ilsuiw
  7161 | D        | Killed Ilsuiw
  7683 | D        | Got a barnacled rune of Zot
  7750 | D        | Got a decaying rune of Zot
  7757 | D        | Noticed a nagaraja
  7757 | D        | Noticed a nagaraja
  7757 | D        | Noticed a nagaraja
  7760 | D        | Noticed a nagaraja
  7771 | D        | Killed a nagaraja
  7775 | D        | Noticed a nagaraja
  7780 | D        | Killed a nagaraja
  7794 | D        | Killed a nagaraja
  7801 | D        | Killed a nagaraja
  7820 | D        | Killed a nagaraja
  7842 | D        | Reached XP level 16. HP: 36/217 MP: 27/27
  8652 | D        | Got a serpentine rune of Zot
  8667 | D        | Got a gossamer rune of Zot
  8692 | D        | Noticed Frederick
  8724 | D        | Killed Frederick
  9016 | D        | Noticed Jory
  9019 | D        | Noticed Kirke
  9031 | D        | Killed Jory
  9041 | D        | Killed Kirke
  9269 | D        | Reached skill level 27 in Armour
  9356 | D        | Noticed a golden dragon
  9381 | D        | Reached XP level 17. HP: 217/226 MP: 26/28
  9404 | D        | Killed a golden dragon
  9404 | D        | Reached skill level 15 in Dodging
  9577 | D        | Noticed a quicksilver dragon
  9588 | D        | Killed a quicksilver dragon
  9590 | D        | Got a silver rune of Zot
  9591 | D        | Identified the Papyrus of Battle Magic and the Birds
  9729 | D        | Noticed Donald
  9742 | D        | Killed Donald
  9750 | D        | Noticed Margery
  9761 | D        | Killed Margery
  9914 | D        | Got the ring "Liummis" {rC+ rN++}
  9916 | D        | Got the amulet "Xameasm" {RegenMP rElec rN++ Str+2 Dex-3}
  9918 | D        | Got the ring "Gecyotzi" {Ice MR+ Int+3 SInv}
  9920 | D        | Got the ring of Echuef {+Inv rPois}
  9922 | D        | Got the ring "Aceygadd" {rPois rN+ Str+6 Dex-2}
 10053 | D        | Noticed Xtahua
 10066 | D        | Killed Xtahua
 10079 | D        | Noticed Boris
 10090 | D        | Killed Boris
 10135 | D        | Reached XP level 18. HP: 193/236 MP: 29/29
 10430 | D        | Noticed a tentacled monstrosity
 10430 | D        | Noticed a quicksilver dragon
 10435 | D        | Killed a tentacled monstrosity
 10436 | D        | Reached skill level 27 in Dodging
 10442 | D        | Reached skill level 5 in Throwing
 10459 | D        | Killed a quicksilver dragon
 10466 | D        | Noticed a golden dragon
 10466 | D        | Noticed a tentacled monstrosity
 10466 | D        | Noticed a golden dragon
 10485 | D        | Killed a golden dragon
 10487 | D        | Killed a tentacled monstrosity
 10494 | D        | Killed a golden dragon
 10494 | D        | Reached skill level 27 in Maces & Flails
 10506 | D        | Reached skill level 10 in Throwing
 10775 | D        | Noticed a quicksilver dragon
 10786 | D        | Killed a quicksilver dragon
 10837 | D        | Reached skill level 15 in Throwing
 10852 | D        | Reached XP level 19. HP: 175/245 MP: 33/33
 11343 | D        | Noticed a curse toe
 11350 | D        | Killed a curse toe
 11714 | D        | Noticed an ancient lich
 11718 | D        | Killed an ancient lich
 11722 | D        | Noticed an orb of fire
 11734 | D        | Gained mutation: Scrolls take you a little longer to read. [an orb of fire]
 11735 | D        | Killed an orb of fire
 11923 | D        | Noticed an electric golem
 11926 | D        | Killed an electric golem
 11930 | D        | Noticed a golden dragon
 11930 | D        | Noticed a curse toe
 11930 | D        | Noticed an ancient lich
 11930 | D        | Noticed a Killer Klown
 11943 | D        | Noticed an orb of fire
 11943 | D        | Killed an ancient lich
 11943 | D        | Reached skill level 27 in Invocations
 11947 | D        | Noticed an orb of fire
 11947 | D        | Killed a golden dragon
 11958 | D        | Killed an orb of fire
 11958 | D        | Reached XP level 20. HP: 256/256 MP: 37/37
 11959 | D        | Gained mutation: Scrolls take you longer to read. [an orb of fire]
 11963 | D        | Killed an orb of fire
 11968 | D        | Killed a curse toe
 11968 | D        | Reached skill level 27 in Throwing
 11979 | D        | Killed a Killer Klown
 11979 | D        | Reached skill level 5 in Shields
 11981 | D        | Reached skill level 5 in Stealth
 11995 | D        | Noticed an orb of fire
 12001 | D        | Gained mutation: You tend to lose your temper in combat. [an orb of fire]
 12002 | D        | Killed an orb of fire
 12210 | D        | Reached skill level 10 in Shields
 12213 | D        | Reached skill level 10 in Stealth
 12252 | D        | Reached skill level 15 in Shields
 12264 | D        | Got the Orb of Zot
 12347 | D        | Noticed an ancient lich
 12347 | D        | Noticed an ancient lich
 12352 | D        | Noticed an ancient lich
 12352 | D        | Killed an ancient lich
 12352 | D        | Reached skill level 15 in Stealth
 12364 | D        | Killed an ancient lich
 12365 | D        | Noticed a lich
 12368 | D        | Noticed a Tzitzimitl
 12372 | D        | Killed an ancient lich
 12372 | D        | Reached XP level 21. HP: 265/265 MP: 38/38
 12494 | D        | Got an elven rune of Zot
 12873 | D        | Noticed Goefagop the pandemonium lord
 12962 | D        | Killed Goefagop the pandemonium lord
 13222 | D        | Lost mutation: Scrolls take you longer to read. [potion of cure mutation]
 13222 | D        | Lost mutation: You tend to lose your temper in combat. [potion of cure mutation]
 13222 | D        | Lost mutation: Scrolls take you a little longer to read. [potion of cure mutation]
 13301 | D        | Noticed Mume the pandemonium lord
 13320 | D        | Killed Mume the pandemonium lord
 13590 | D        | Noticed Witi Rank the pandemonium lord
 13599 | D        | Killed Witi Rank the pandemonium lord
 13615 | D        | Noticed Qefia the pandemonium lord
 13646 | D        | Killed Qefia the pandemonium lord
 13646 | D        | Reached XP level 22. HP: 254/275 MP: 39/39
 13703 | D        | Noticed Wahafrar the pandemonium lord
 13708 | D        | Paralysed by a floating eye for 3 turns
 13717 | D        | Paralysed by a floating eye for 3 turns
 13725 | D        | Killed Wahafrar the pandemonium lord
 13742 | D        | Noticed Laezygok the pandemonium lord
 13753 | D        | Killed Laezygok the pandemonium lord
 13753 | D        | Reached skill level 27 in Shields
 13927 | D        | Reached skill level 27 in Stealth
 13951 | D        | Reached skill level 5 in Spellcasting
 14024 | D        | Noticed Ehathrin the pandemonium lord
 14036 | D        | Killed Ehathrin the pandemonium lord
 14072 | D        | Reached skill level 10 in Spellcasting
 14284 | D        | Reached skill level 10 in Unarmed Combat
 14318 | D        | Reached skill level 10 in Evocations
 14338 | D        | Noticed Coisefab the pandemonium lord
 14346 | D        | Killed Coisefab the pandemonium lord
 14490 | D        | Reached skill level 15 in Spellcasting
 14502 | D        | Gained mutation: You occasionally shout uncontrollably at your foes. [a neqoxec]
 14544 | D        | Noticed Neotuil the pandemonium lord
 14547 | D        | Killed Neotuil the pandemonium lord
 14575 | D        | Reached XP level 23. HP: 284/284 MP: 43/43
 14623 | D        | Noticed Vixyl the pandemonium lord
 14643 | D        | Killed Vixyl the pandemonium lord
 14719 | D        | Noticed Deheyk the pandemonium lord
 14731 | D        | Reached skill level 15 in Unarmed Combat
 14739 | D        | Killed Deheyk the pandemonium lord
 14812 | D        | Gained mutation: You sometimes yell uncontrollably at your foes. [a neqoxec]
 14828 | D        | Reached skill level 15 in Evocations
 14911 | D        | Noticed Teugh the pandemonium lord
 14924 | D        | HP: 5/284 [Teugh the pandemonium lord/bolt of cold (19)]
 14926 | D        | Killed from afar by Teugh the pandemonium lord

Vault maps used:
D:        linesprint

Skill      XL: |  1  2  3  4  5  6  7  8  9 10 11 12 13 14 15 16 17 18 19 20 21 22 23 |
---------------+----------------------------------------------------------------------+-----
Fighting       | 7 8 10 14 15 16 18 19 21 23 24 27 | 27.0
Maces & Flails | 4 6 8 13 14 16 17 19 21 22 24 27 | 27.0
Invocations    | 3 7 8 11 14 15 21 27 | 27.0
Dodging        | 5 9 11 12 14 25 27 | 27.0
Armour         | 5 11 17 22 27 | 27.0
Throwing       | 15 25 27 | 27.0
Stealth        | 17 23 27 | 27.0
Shields        | 18 25 27 | 27.0
Unarmed Combat | 14 16 | 16.5
Spellcasting   | 16 19 | 19.2
Evocations     | 13 15 | 15.4

Action                   |  1- 3 |  4- 6 |  7- 9 | 10-12 | 13-15 | 16-18 | 19-21 | 22-24 || total
-------------------------+-------+-------+-------+-------+-------+-------+-------+-------++-------
Melee: Short sword       |    13 |       |       |       |       |       |       |       ||    13
       Club              |     9 |    10 |       |       |       |       |       |       ||    19
       Dire flail        |       |    16 |    59 |   311 |   460 |   522 |       |       ||  1368
       Giant club        |       |       |       |       |   125 |       |       |       ||   125
       Giant spiked club |       |       |       |       |    42 |   197 |   416 |   295 ||   950
Throw: Large rock        |       |     1 |       |       |       |       |       |       ||     1
Invok: Divine Shield     |       |       |     3 |     8 |    11 |    11 |    10 |     3 ||    46
       Summon Divine War |       |       |       |     1 |     3 |       |     8 |     3 ||    15
       Brand Weapon With |       |       |       |       |     1 |       |       |       ||     1
       Cleansing Flame   |       |       |       |       |       |       |     1 |       ||     1
  Use: Potion            |     1 |       |     3 |     2 |    14 |       |    13 |       ||    33
       Scroll            |       |       |       |       |     2 |     8 |       |     1 ||    11
 Stab: Confused          |       |       |       |       |     2 |       |       |       ||     2
  Eat: Chunk             |       |       |       |     5 |     2 |     3 |       |       ||    10
       Bread ration      |       |       |       |     1 |     3 |     2 |     2 |     2 ||    10
       Meat ration       |       |       |       |       |       |     1 |       |       ||     1
Armor: Robe              |     2 |     4 |    14 |    25 |       |       |       |       ||    45
       Gold dragon scale |       |       |       |    18 |   311 |   366 |   207 |   146 ||  1048
Dodge: Dodged            |     4 |     9 |    13 |    74 |   116 |   173 |   130 |   105 ||   624
Block: Other             |       |       |    13 |    37 |   169 |   182 |   108 |    33 ||   542
